[ AOE2 MATCH · #502703199 ]
UnrankedSpanish vs Vietnamese
[ REPLAY ANALYSIS · EXTRACTED FROM THE RECORDED GAME ]
Feudal
9:15
Castle
25:43
Imperial
45:28
| APM avg | 52.7 |
| APM peak | 113 |
| eAPM avg | 28.3 |
| Villagers / military | 199 / 72 |
Focus
⚔️ 44.5% · 🌾 55.5%
Knight ×41 · Trade Cart ×30 · Scout Cavalry ×23 · Scorpion ×8
Feudal
8:51
Castle
21:47
Imperial
37:55
| APM avg | 63.2 |
| APM peak | 104 |
| eAPM avg | 26.2 |
| Villagers / military | 199 / 230 |
Focus
⚔️ 42.4% · 🌾 57.6%
Archer ×161 · Spearman ×58 · Bombard Cannon ×8 · Trebuchet (Packed) ×2 · Transport Ship ×1 · Unknown (2626) ×1
Feudal
9:06
Castle
26:50
Imperial
40:53
| APM avg | 44.8 |
| APM peak | 101 |
| eAPM avg | 22.3 |
| Villagers / military | 118 / 199 |
Focus
⚔️ 35.2% · 🌾 64.8%
Huskarl ×163 · Militia ×29 · Trade Cart ×8 · Trebuchet (Packed) ×3 · Monk ×2 · Scorpion ×2
Feudal
8:29
Castle
23:01
Imperial
39:35
| APM avg | 37.6 |
| APM peak | 75 |
| eAPM avg | 18.2 |
| Villagers / military | 124 / 205 |
Focus
⚔️ 47.9% · 🌾 52.1%
Archer ×205 · Trade Cart ×13
Feudal
9:01
Castle
21:41
Imperial
40:35
| APM avg | 58.3 |
| APM peak | 223 |
| eAPM avg | 24.1 |
| Villagers / military | 184 / 198 |
Focus
⚔️ 55.6% · 🌾 44.4%
Spearman ×96 · Knight ×81 · Scout Cavalry ×12 · Trebuchet (Packed) ×6 · Woad Raider ×3
Feudal
11:46
Castle
15:19
Imperial
37:33
| APM avg | 48.4 |
| APM peak | 101 |
| eAPM avg | 23.7 |
| Villagers / military | 181 / 172 |
Focus
⚔️ 38.9% · 🌾 61.1%
Knight ×160 · Trebuchet (Packed) ×8 · Battering Ram ×3 · Monk ×1
Feudal
11:46
Castle
15:20
Imperial
44:38
| APM avg | 33.7 |
| APM peak | 96 |
| eAPM avg | 17.4 |
| Villagers / military | 83 / 164 |
Focus
⚔️ 56.4% · 🌾 43.6%
Cavalry Archer ×161 · Archer ×3
Feudal
9:17
Castle
22:59
Imperial
48:48
| APM avg | 44.6 |
| APM peak | 106 |
| eAPM avg | 13.9 |
| Villagers / military | 131 / 116 |
Focus
⚔️ 35.0% · 🌾 65.0%
Archer ×106 · Samurai ×5 · Militia ×4 · Spearman ×1
Match map
Initial resources + every placement click. Lines = walls · curves = elevation contours. ◆ gold · ⬟ stone · ● berries · ✦ relic · ◌ wall gap
Your base· Open — unwalled flank
theMole's base· Open — unwalled flank
Aten's base· Open — unwalled flank
ComaLuksen's base· Open — unwalled flank
Ulfaith's base· Open — unwalled flank
PUB | Fanjita's base· Open — 8t gap
CD播放机's base· Open — unwalled flank
[S1z3] NillisLukins's base· Open — unwalled flank
Smoothed initial terrain · ◌ = detected wall gap · hover for details
Inputs per minute
— Hoppsywins - - theMole
Build order — Hoppsywins
First 150 of 479 actions detected
| 0:00 | Create | Villager (Male) |
| 0:03 | Build | House |
| 0:06 | Build | House |
| 0:11 | Create | Villager (Male) |
| 0:17 | Create | Villager (Male) |
| 0:36 | Create | Villager (Male) |
| 1:25 | Create | Villager (Male) |
| 1:45 | Build | Lumber Camp |
| 1:59 | Build | Lumber Camp |
| 1:59 | Create | Villager (Male) |
| 2:12 | Create | Villager (Male) |
| 2:43 | Create | Villager (Male) |
| 2:58 | Create | Villager (Male) |
| 3:33 | Create | Villager (Male) |
| 3:49 | Build | House |
| 3:50 | Build | House |
| 3:58 | Create | Villager (Male) |
| 4:02 | Create | Villager (Male) |
| 4:42 | Create | Villager (Male) |
| 4:45 | Create | Villager (Male) |
| 4:53 | Build | Mill |
| 5:30 | Create | Villager (Male) |
| 5:35 | Create | Villager (Male) |
| 6:22 | Research | Loom |
| 6:56 | Research | Feudal Age |
| 7:27 | Build | Barracks |
| 7:58 | Build | House |
| 8:25 | Create | Villager (Male) |
| 8:48 | Build | House |
| 9:05 | Build | Mill |
| 9:15 | Age | Feudal Age |
| 9:22 | Build | Stable |
| 9:31 | Create | Villager (Male) |
| 9:40 | Research | Double-Bit Axe |
| 9:50 | Create | Villager (Male) |
| 10:10 | Create | Villager (Male) |
| 10:12 | Research | Horse Collar |
| 10:31 | Build | Farm |
| 10:37 | Create | Scout Cavalry |
| 10:40 | Create | Villager (Male) |
| 10:43 | Build | Farm |
| 10:49 | Build | House |
| 11:04 | Create | Villager (Male) |
| 11:06 | Build | Farm |
| 11:17 | Build | Palisade Wall |
| 11:19 | Build | Farm |
| 11:25 | Create | Scout Cavalry |
| 11:37 | Create | Villager (Male) |
| 11:47 | Build | Farm |
| 11:59 | Create | Villager (Male) |
| 12:11 | Create | Scout Cavalry |
| 12:14 | Build | Farm |
| 12:29 | Create | Villager (Male) |
| 12:48 | Create | Scout Cavalry |
| 12:53 | Create | Villager (Male) |
| 12:55 | Build | Farm |
| 13:07 | Build | Farm |
| 13:07 | Create | Villager (Male) |
| 13:16 | Build | Palisade Wall |
| 13:24 | Create | Scout Cavalry |
| 13:29 | Create | Villager (Male) |
| 13:40 | Create | Scout Cavalry |
| 14:01 | Build | Blacksmith |
| 14:03 | Create | Scout Cavalry |
| 14:07 | Create | Villager (Male) |
| 14:27 | Research | Bloodlines |
| 14:32 | Create | Scout Cavalry |
| 14:40 | Research | Scale Barding Armor |
| 14:43 | Build | House |
| 14:44 | Build | Palisade Wall |
| 15:03 | Create | Scout Cavalry |
| 15:08 | Build | Stable |
| 15:31 | Create | Villager (Male) |
| 15:35 | Build | Farm |
| 15:38 | Build | Farm |
| 15:53 | Create | Villager (Male) |
| 15:57 | Create | Villager (Male) |
| 16:00 | Build | Farm |
| 16:06 | Build | Farm |
| 16:07 | Build | Farm |
| 16:16 | Build | Farm |
| 16:17 | Create | Villager (Male) |
| 16:29 | Research | Wheelbarrow |
| 16:36 | Build | Farm |
| 17:05 | Build | Palisade Wall |
| 17:46 | Build | Lumber Camp |
| 17:46 | Create | Villager (Male) |
| 17:52 | Create | Scout Cavalry |
| 17:53 | Create | Scout Cavalry |
| 17:55 | Create | Villager (Male) |
| 18:23 | Create | Scout Cavalry |
| 18:24 | Create | Scout Cavalry |
| 18:27 | Build | House |
| 18:30 | Build | House |
| 18:34 | Build | House |
| 18:39 | Build | House |
| 18:40 | Create | Villager (Male) |
| 18:53 | Create | Villager (Male) |
| 18:55 | Build | Farm |
| 18:56 | Build | Farm |
| 19:08 | Create | Scout Cavalry |
| 19:39 | Create | Villager (Male) |
| 19:42 | Build | Mining Camp |
| 19:48 | Create | Scout Cavalry |
| 19:48 | Create | Scout Cavalry |
| 19:54 | Build | Farm |
| 19:54 | Build | Farm |
| 19:55 | Build | Farm |
| 19:55 | Build | Farm |
| 19:55 | Build | Farm |
| 20:08 | Create | Villager (Male) |
| 20:17 | Build | Market |
| 20:21 | Create | Villager (Male) |
| 20:24 | Create | Scout Cavalry |
| 20:32 | Build | Palisade Wall |
| 20:44 | Build | House |
| 20:46 | Create | Villager (Male) |
| 20:56 | Build | House |
| 21:04 | Build | House |
| 21:05 | Build | Palisade Wall |
| 21:06 | Build | Palisade Wall |
| 21:11 | Build | Palisade Wall |
| 21:15 | Create | Villager (Male) |
| 21:19 | Build | House |
| 21:20 | Create | Villager (Male) |
| 21:45 | Build | House |
| 21:50 | Create | Villager (Male) |
| 22:00 | Create | Villager (Male) |
| 22:26 | Build | House |
| 22:28 | Build | House |
| 22:31 | Build | House |
| 22:35 | Create | Villager (Male) |
| 22:44 | Research | Castle Age |
| 22:50 | Build | Lumber Camp |
| 23:12 | Create | Scout Cavalry |
| 23:12 | Create | Scout Cavalry |
| 23:18 | Create | Villager (Male) |
| 23:48 | Create | Scout Cavalry |
| 23:49 | Create | Scout Cavalry |
| 24:14 | Create | Villager (Male) |
| 24:16 | Create | Villager (Male) |
| 24:29 | Research | Forging |
| 24:30 | Create | Villager (Male) |
| 24:32 | Create | Villager (Male) |
| 24:37 | Build | House |
| 25:26 | Create | Scout Cavalry |
| 25:26 | Create | Scout Cavalry |
| 25:43 | Age | Castle Age |
| 25:45 | Research | Light Cavalry (upgrade) |
| 25:45 | Research | Husbandry |
Build order — theMole
First 150 of 554 actions detected
| 0:00 | Create | Villager (Male) |
| 0:01 | Create | Villager (Male) |
| 0:01 | Create | Villager (Male) |
| 0:02 | Build | House |
| 0:03 | Build | House |
| 0:03 | Create | Villager (Male) |
| 1:22 | Create | Villager (Male) |
| 1:58 | Build | Lumber Camp |
| 1:59 | Create | Villager (Male) |
| 2:15 | Create | Villager (Male) |
| 2:15 | Create | Villager (Male) |
| 2:37 | Create | Villager (Male) |
| 3:14 | Create | Villager (Male) |
| 3:21 | Create | Villager (Male) |
| 3:46 | Create | Villager (Male) |
| 3:46 | Create | Villager (Male) |
| 3:48 | Build | House |
| 4:17 | Create | Villager (Male) |
| 4:49 | Create | Villager (Male) |
| 4:49 | Create | Villager (Male) |
| 4:57 | Create | Villager (Male) |
| 5:03 | Build | Mining Camp |
| 5:24 | Research | Loom |
| 6:27 | Build | Lumber Camp |
| 6:35 | Research | Feudal Age |
| 6:49 | Create | Villager (Male) |
| 7:35 | Build | Barracks |
| 8:04 | Build | House |
| 8:51 | Age | Feudal Age |
| 8:53 | Build | Archery Range |
| 8:55 | Build | Archery Range |
| 9:07 | Create | Villager (Male) |
| 9:27 | Create | Villager (Male) |
| 9:31 | Build | House |
| 9:55 | Create | Archer |
| 9:55 | Create | Archer |
| 9:56 | Create | Villager (Male) |
| 10:00 | Build | Blacksmith |
| 10:13 | Create | Archer |
| 10:14 | Create | Archer |
| 10:15 | Create | Villager (Male) |
| 10:28 | Create | Archer |
| 10:45 | Create | Villager (Male) |
| 10:47 | Build | House |
| 10:58 | Create | Archer |
| 11:00 | Create | Villager (Male) |
| 11:00 | Create | Archer |
| 11:09 | Research | Fletching |
| 11:09 | Research | Fletching |
| 11:14 | Build | House |
| 11:18 | Create | Archer |
| 11:34 | Create | Villager (Male) |
| 11:39 | Create | Archer |
| 11:47 | Create | Archer |
| 11:56 | Build | Mill |
| 12:05 | Build | House |
| 12:11 | Create | Villager (Male) |
| 12:13 | Create | Archer |
| 12:17 | Create | Archer |
| 12:38 | Build | House |
| 12:40 | Create | Archer |
| 12:54 | Create | Archer |
| 12:55 | Create | Villager (Male) |
| 12:58 | Build | Farm |
| 12:59 | Build | Farm |
| 13:08 | Build | House |
| 13:16 | Build | House |
| 13:17 | Build | House |
| 13:19 | Create | Archer |
| 13:21 | Create | Villager (Male) |
| 13:36 | Create | Archer |
| 13:46 | Create | Villager (Male) |
| 13:47 | Create | Villager (Male) |
| 13:48 | Create | Archer |
| 14:01 | Build | House |
| 14:03 | Build | Palisade Wall |
| 14:04 | Create | Archer |
| 14:15 | Create | Archer |
| 14:16 | Create | Villager (Male) |
| 14:32 | Create | Archer |
| 14:41 | Create | Villager (Male) |
| 14:41 | Create | Villager (Male) |
| 14:47 | Build | Farm |
| 14:48 | Create | Archer |
| 14:59 | Create | Archer |
| 15:03 | Create | Villager (Male) |
| 15:07 | Build | House |
| 15:08 | Build | Palisade Wall |
| 15:26 | Create | Archer |
| 15:27 | Create | Villager (Male) |
| 15:28 | Create | Villager (Male) |
| 15:36 | Create | Archer |
| 15:57 | Create | Archer |
| 15:59 | Create | Villager (Male) |
| 16:03 | Create | Archer |
| 16:09 | Create | Villager (Male) |
| 16:17 | Create | Villager (Male) |
| 16:29 | Create | Archer |
| 16:34 | Build | Market |
| 16:46 | Build | Farm |
| 17:08 | Build | Farm |
| 17:20 | Build | Farm |
| 17:26 | Create | Archer |
| 17:27 | Create | Villager (Male) |
| 17:40 | Create | Archer |
| 17:52 | Build | House |
| 17:54 | Build | Palisade Wall |
| 17:55 | Build | Palisade Wall |
| 17:57 | Build | Palisade Wall |
| 18:03 | Create | Villager (Male) |
| 18:03 | Create | Archer |
| 18:19 | Build | Farm |
| 18:21 | Create | Archer |
| 18:22 | Create | Villager (Male) |
| 18:35 | Create | Archer |
| 19:07 | Research | Castle Age |
| 19:08 | Create | Archer |
| 19:15 | Create | Villager (Male) |
| 19:20 | Create | Archer |
| 19:38 | Create | Archer |
| 19:42 | Research | Double-Bit Axe |
| 19:48 | Create | Archer |
| 19:57 | Build | Lumber Camp |
| 20:03 | Build | Palisade Wall |
| 20:06 | Create | Archer |
| 20:25 | Create | Archer |
| 20:57 | Create | Archer |
| 20:59 | Build | House |
| 21:00 | Build | House |
| 21:12 | Create | Archer |
| 21:47 | Age | Castle Age |
| 21:48 | Research | Crossbowman (upgrade) |
| 21:49 | Research | Bodkin Arrow |
| 21:49 | Research | Bodkin Arrow |
| 21:53 | Build | University |
| 21:54 | Build | Farm |
| 21:58 | Build | House |
| 22:19 | Build | Farm |
| 22:21 | Create | Villager (Male) |
| 22:21 | Create | Archer |
| 22:21 | Create | Archer |
| 22:44 | Create | Villager (Male) |
| 22:45 | Research | Ballistics |
| 22:46 | Create | Archer |
| 22:50 | Create | Villager (Male) |
| 22:53 | Create | Archer |
| 22:54 | Create | Villager (Male) |
| 23:10 | Create | Archer |
| 23:11 | Research | Padded Archer Armor |
| 23:15 | Build | Farm |
Build order — Aten
First 150 of 386 actions detected
| 0:01 | Create | Villager (Male) |
| 0:01 | Create | Villager (Male) |
| 0:03 | Build | House |
| 0:04 | Build | House |
| 0:08 | Create | Villager (Male) |
| 0:09 | Create | Villager (Male) |
| 1:40 | Create | Villager (Male) |
| 1:57 | Create | Villager (Male) |
| 1:59 | Build | Lumber Camp |
| 2:22 | Create | Villager (Male) |
| 2:40 | Create | Villager (Male) |
| 2:53 | Create | Villager (Male) |
| 3:20 | Create | Villager (Male) |
| 3:25 | Build | House |
| 3:58 | Create | Villager (Male) |
| 3:59 | Create | Villager (Male) |
| 4:24 | Create | Villager (Male) |
| 4:24 | Create | Villager (Male) |
| 4:38 | Create | Villager (Male) |
| 5:04 | Build | Barracks |
| 5:36 | Create | Villager (Male) |
| 5:53 | Research | Loom |
| 6:07 | Build | House |
| 6:19 | Create | Villager (Male) |
| 6:56 | Research | Feudal Age |
| 6:57 | Research | Feudal Age |
| 7:12 | Create | Militia |
| 7:28 | Create | Militia |
| 7:29 | Create | Militia |
| 7:32 | Build | Mining Camp |
| 7:42 | Build | House |
| 7:52 | Create | Militia |
| 8:11 | Create | Militia |
| 8:29 | Create | Militia |
| 9:06 | Age | Feudal Age |
| 9:07 | Research | Man-at-Arms (upgrade) |
| 9:08 | Create | Villager (Male) |
| 9:23 | Create | Militia |
| 9:23 | Create | Militia |
| 9:41 | Build | Mill |
| 9:45 | Create | Villager (Male) |
| 10:31 | Build | Farm |
| 10:32 | Build | Farm |
| 10:33 | Build | Farm |
| 11:05 | Create | Villager (Male) |
| 11:09 | Build | Farm |
| 11:26 | Create | Villager (Male) |
| 11:52 | Create | Villager (Male) |
| 11:53 | Build | Farm |
| 12:20 | Create | Villager (Male) |
| 12:21 | Create | Militia |
| 12:22 | Create | Militia |
| 12:35 | Build | Mill |
| 12:36 | Create | Villager (Male) |
| 12:36 | Create | Villager (Male) |
| 12:37 | Build | House |
| 12:41 | Create | Militia |
| 12:47 | Build | House |
| 12:48 | Create | Villager (Male) |
| 13:00 | Create | Militia |
| 13:08 | Build | House |
| 13:12 | Create | Militia |
| 13:23 | Build | Farm |
| 13:36 | Create | Militia |
| 13:40 | Create | Villager (Male) |
| 14:01 | Build | Blacksmith |
| 14:14 | Create | Villager (Male) |
| 14:18 | Create | Militia |
| 14:26 | Create | Villager (Male) |
| 14:31 | Create | Villager (Male) |
| 14:37 | Build | Watch Tower |
| 14:39 | Create | Villager (Male) |
| 14:49 | Create | Militia |
| 15:09 | Build | House |
| 15:27 | Create | Militia |
| 15:27 | Create | Militia |
| 15:35 | Build | Farm |
| 15:41 | Research | Double-Bit Axe |
| 15:47 | Create | Villager (Male) |
| 16:03 | Create | Militia |
| 16:09 | Build | Watch Tower |
| 16:16 | Create | Villager (Male) |
| 16:26 | Create | Militia |
| 16:36 | Create | Villager (Male) |
| 16:42 | Build | Farm |
| 16:44 | Build | Farm |
| 16:51 | Create | Militia |
| 17:05 | Create | Villager (Male) |
| 17:09 | Build | Farm |
| 17:11 | Create | Militia |
| 17:24 | Create | Villager (Male) |
| 17:29 | Build | Mill |
| 17:34 | Create | Militia |
| 17:40 | Research | Scale Mail Armor |
| 17:40 | Research | Scale Mail Armor |
| 17:47 | Create | Militia |
| 17:47 | Create | Villager (Male) |
| 17:59 | Create | Militia |
| 18:23 | Create | Villager (Male) |
| 18:26 | Build | House |
| 18:28 | Build | House |
| 18:32 | Build | House |
| 18:38 | Create | Militia |
| 18:38 | Create | Militia |
| 19:01 | Create | Villager (Male) |
| 19:20 | Build | Farm |
| 19:31 | Create | Villager (Male) |
| 19:33 | Build | Lumber Camp |
| 19:45 | Create | Villager (Male) |
| 19:57 | Create | Villager (Male) |
| 19:58 | Build | Farm |
| 20:19 | Build | Mill |
| 20:43 | Research | Wheelbarrow |
| 21:10 | Build | Farm |
| 21:18 | Build | Mining Camp |
| 22:02 | Create | Villager (Male) |
| 22:05 | Build | Farm |
| 22:25 | Create | Villager (Male) |
| 23:25 | Build | Market |
| 23:40 | Research | Forging |
| 23:43 | Create | Militia |
| 23:44 | Create | Militia |
| 24:10 | Research | Castle Age |
| 24:40 | Research | Horse Collar |
| 24:48 | Build | Watch Tower |
| 26:10 | Research | Stone Mining |
| 26:10 | Research | Stone Mining |
| 26:14 | Create | Villager (Male) |
| 26:19 | Create | Villager (Male) |
| 26:50 | Age | Castle Age |
| 27:02 | Build | Castle |
| 27:16 | Build | Castle |
| 27:18 | Create | Villager (Male) |
| 27:22 | Research | Bow Saw |
| 27:26 | Research | Chain Mail Armor |
| 27:28 | Research | Squires |
| 27:29 | Research | Squires |
| 27:55 | Build | Town Center |
| 28:12 | Create | Villager (Male) |
| 28:12 | Create | Villager (Male) |
| 28:31 | Build | Monastery |
| 28:34 | Create | Villager (Male) |
| 28:50 | Create | Huskarl |
| 28:58 | Create | Huskarl |
| 29:16 | Create | Villager (Male) |
| 29:24 | Create | Huskarl |
| 29:24 | Create | Huskarl |
| 29:26 | Create | Monk |
| 29:47 | Create | Villager (Male) |
| 29:47 | Create | Villager (Male) |
Build order — ComaLuksen
First 150 of 304 actions detected
| 0:00 | Create | Villager (Male) |
| 0:00 | Create | Villager (Male) |
| 0:01 | Create | Villager (Male) |
| 0:01 | Create | Villager (Male) |
| 0:02 | Build | House |
| 0:04 | Build | House |
| 1:12 | Create | Villager (Male) |
| 1:36 | Create | Villager (Male) |
| 1:52 | Build | Settlement |
| 2:03 | Create | Villager (Male) |
| 2:25 | Create | Villager (Male) |
| 2:48 | Create | Villager (Male) |
| 3:41 | Create | Villager (Male) |
| 4:12 | Create | Villager (Male) |
| 4:36 | Create | Villager (Male) |
| 5:04 | Create | Villager (Male) |
| 5:12 | Build | Settlement |
| 5:29 | Create | Villager (Male) |
| 5:37 | Research | Loom |
| 6:17 | Research | Feudal Age |
| 6:17 | Research | Feudal Age |
| 6:17 | Research | Feudal Age |
| 6:17 | Research | Feudal Age |
| 6:17 | Research | Feudal Age |
| 6:17 | Research | Feudal Age |
| 6:17 | Research | Feudal Age |
| 6:17 | Research | Feudal Age |
| 7:14 | Create | Villager (Male) |
| 7:18 | Build | Barracks |
| 7:47 | Create | Villager (Male) |
| 8:29 | Age | Feudal Age |
| 8:33 | Build | Archery Range |
| 8:37 | Build | Archery Range |
| 8:57 | Build | House |
| 8:58 | Build | House |
| 8:59 | Build | Palisade Wall |
| 9:11 | Create | Villager (Male) |
| 9:30 | Create | Archer |
| 9:33 | Create | Archer |
| 9:45 | Create | Villager (Male) |
| 9:56 | Create | Archer |
| 10:02 | Create | Villager (Male) |
| 10:12 | Build | Blacksmith |
| 10:15 | Build | Palisade Wall |
| 10:17 | Create | Archer |
| 10:20 | Create | Villager (Male) |
| 10:33 | Create | Villager (Male) |
| 10:42 | Create | Villager (Male) |
| 10:43 | Create | Archer |
| 11:15 | Create | Archer |
| 11:31 | Build | House |
| 11:33 | Build | House |
| 11:35 | Build | House |
| 11:36 | Build | Palisade Wall |
| 11:39 | Create | Archer |
| 11:42 | Research | Fletching |
| 11:43 | Create | Villager (Male) |
| 12:04 | Create | Archer |
| 12:16 | Create | Villager (Male) |
| 12:17 | Create | Villager (Male) |
| 12:20 | Create | Archer |
| 12:28 | Build | Settlement |
| 12:51 | Create | Archer |
| 12:52 | Create | Archer |
| 13:05 | Create | Archer |
| 13:23 | Create | Archer |
| 13:45 | Create | Archer |
| 13:46 | Create | Villager (Male) |
| 14:07 | Build | House |
| 14:09 | Build | House |
| 14:14 | Create | Villager (Male) |
| 14:19 | Create | Archer |
| 14:20 | Create | Archer |
| 14:38 | Create | Archer |
| 14:41 | Create | Villager (Male) |
| 14:42 | Create | Villager (Male) |
| 14:42 | Create | Villager (Male) |
| 14:45 | Build | Farm |
| 14:49 | Create | Archer |
| 15:06 | Build | House |
| 15:21 | Build | Farm |
| 15:49 | Create | Archer |
| 15:49 | Create | Archer |
| 15:50 | Create | Archer |
| 15:51 | Create | Villager (Male) |
| 16:01 | Build | Farm |
| 16:06 | Build | Farm |
| 17:00 | Create | Villager (Male) |
| 17:00 | Create | Villager (Male) |
| 17:08 | Build | Settlement |
| 17:11 | Build | Farm |
| 17:19 | Build | House |
| 17:20 | Create | Archer |
| 17:38 | Create | Archer |
| 17:38 | Create | Archer |
| 17:39 | Create | Villager (Male) |
| 17:49 | Build | House |
| 17:58 | Build | House |
| 17:59 | Build | House |
| 18:01 | Create | Villager (Male) |
| 18:08 | Build | Farm |
| 18:11 | Create | Archer |
| 18:34 | Create | Archer |
| 18:35 | Create | Archer |
| 19:01 | Create | Archer |
| 19:01 | Create | Archer |
| 19:02 | Create | Villager (Male) |
| 19:04 | Build | Farm |
| 19:30 | Create | Archer |
| 19:31 | Create | Archer |
| 19:31 | Create | Villager (Male) |
| 19:32 | Create | Villager (Male) |
| 19:54 | Create | Archer |
| 20:02 | Build | Farm |
| 20:07 | Research | Castle Age |
| 20:07 | Research | Castle Age |
| 20:07 | Research | Castle Age |
| 20:07 | Research | Castle Age |
| 20:07 | Research | Castle Age |
| 20:20 | Create | Archer |
| 20:34 | Research | Double-Bit Axe |
| 20:37 | Create | Archer |
| 20:37 | Create | Archer |
| 21:05 | Create | Archer |
| 21:13 | Build | Archery Range |
| 21:18 | Research | Padded Archer Armor |
| 21:22 | Research | Horse Collar |
| 21:29 | Build | House |
| 21:37 | Create | Archer |
| 22:01 | Build | House |
| 22:02 | Build | House |
| 22:03 | Build | House |
| 22:43 | Create | Archer |
| 22:43 | Create | Archer |
| 22:43 | Create | Archer |
| 22:46 | Build | Archery Range |
| 22:54 | Build | Market |
| 23:01 | Age | Castle Age |
| 23:04 | Research | Crossbowman (upgrade) |
| 23:05 | Research | Bodkin Arrow |
| 23:05 | Create | Villager (Male) |
| 23:06 | Create | Villager (Male) |
| 23:28 | Create | Archer |
| 23:28 | Create | Archer |
| 23:29 | Create | Archer |
| 24:40 | Create | Archer ×5 |
| 24:43 | Build | University |
| 24:45 | Create | Villager (Male) |
| 24:45 | Create | Villager (Male) |
| 24:45 | Create | Villager (Male) |
Build order — Ulfaith
First 150 of 432 actions detected
| 0:01 | Create | Villager (Male) ×4 |
| 0:02 | Build | House |
| 0:03 | Build | House |
| 1:48 | Build | Lumber Camp |
| 1:50 | Create | Villager (Male) |
| 2:01 | Create | Villager (Male) |
| 2:36 | Create | Villager (Male) |
| 2:46 | Create | Villager (Male) |
| 3:20 | Create | Villager (Male) |
| 3:29 | Build | House |
| 3:49 | Create | Villager (Male) |
| 3:54 | Build | House |
| 4:08 | Create | Villager (Male) |
| 4:33 | Create | Villager (Male) |
| 4:33 | Create | Villager (Male) |
| 5:27 | Create | Villager (Male) |
| 5:57 | Create | Villager (Male) |
| 6:05 | Build | Barracks |
| 6:22 | Create | Villager (Male) |
| 6:51 | Research | Feudal Age |
| 7:23 | Build | Mill |
| 8:12 | Create | Villager (Male) |
| 8:12 | Create | Villager (Male) |
| 8:25 | Build | House |
| 8:38 | Build | House |
| 9:00 | Research | Loom |
| 9:00 | Create | Villager (Male) |
| 9:01 | Create | Villager (Male) |
| 9:01 | Age | Feudal Age |
| 9:05 | Build | Stable |
| 9:21 | Research | Double-Bit Axe |
| 9:25 | Research | Horse Collar |
| 9:47 | Create | Villager (Male) |
| 9:49 | Create | Villager (Male) |
| 9:52 | Create | Scout Cavalry |
| 10:19 | Create | Scout Cavalry |
| 10:31 | Build | Farm |
| 10:32 | Build | Farm |
| 10:32 | Build | Farm |
| 10:45 | Create | Villager (Male) |
| 10:46 | Create | Scout Cavalry |
| 10:53 | Create | Villager (Male) |
| 10:56 | Build | Farm |
| 11:01 | Build | Farm |
| 11:14 | Create | Scout Cavalry |
| 11:19 | Build | Blacksmith |
| 11:25 | Create | Scout Cavalry |
| 11:31 | Build | Farm |
| 11:32 | Build | Farm |
| 11:38 | Build | Palisade Wall |
| 11:43 | Build | Palisade Wall |
| 11:48 | Create | Villager (Male) |
| 11:59 | Create | Villager (Male) |
| 12:05 | Build | Farm |
| 12:05 | Build | Farm |
| 12:38 | Create | Scout Cavalry |
| 12:44 | Build | House |
| 12:45 | Build | House |
| 12:53 | Build | House |
| 12:57 | Build | House |
| 12:59 | Build | Mill |
| 13:01 | Create | Villager (Male) |
| 13:02 | Build | Farm |
| 13:06 | Build | Farm |
| 13:21 | Create | Villager (Male) |
| 13:27 | Create | Scout Cavalry |
| 13:51 | Create | Villager (Male) |
| 14:05 | Create | Scout Cavalry |
| 14:15 | Create | Villager (Male) |
| 14:18 | Build | Farm |
| 14:18 | Build | Farm |
| 14:22 | Build | Farm |
| 14:23 | Build | Farm |
| 14:24 | Build | Farm |
| 14:35 | Create | Scout Cavalry |
| 14:39 | Create | Villager (Male) |
| 14:57 | Create | Villager (Male) |
| 15:11 | Create | Scout Cavalry |
| 15:28 | Build | Mining Camp |
| 15:30 | Create | Villager (Male) |
| 15:36 | Create | Scout Cavalry |
| 15:55 | Research | Scale Barding Armor |
| 15:56 | Create | Villager (Male) |
| 16:09 | Create | Scout Cavalry |
| 16:21 | Create | Villager (Male) |
| 16:38 | Create | Villager (Male) |
| 16:49 | Build | Lumber Camp |
| 17:12 | Create | Villager (Male) |
| 17:34 | Create | Villager (Male) |
| 18:02 | Build | House |
| 18:03 | Build | House |
| 18:08 | Create | Villager (Male) |
| 18:26 | Create | Villager (Male) |
| 19:01 | Research | Castle Age |
| 19:27 | Research | Forging |
| 19:35 | Research | Gold Mining |
| 19:47 | Build | Stable |
| 20:06 | Create | Villager (Male) |
| 20:08 | Create | Villager (Male) |
| 21:41 | Age | Castle Age |
| 21:46 | Build | Town Center |
| 21:52 | Research | Light Cavalry (upgrade) |
| 22:04 | Create | Knight |
| 22:04 | Create | Knight |
| 22:07 | Research | Chain Barding Armor |
| 22:29 | Build | Town Center |
| 22:31 | Create | Villager (Male) |
| 22:37 | Create | Villager (Male) |
| 22:44 | Create | Villager (Male) |
| 22:48 | Build | Farm |
| 22:48 | Build | Farm |
| 22:51 | Create | Knight |
| 22:51 | Create | Knight |
| 23:00 | Create | Villager (Male) |
| 23:07 | Build | Farm |
| 23:08 | Build | Farm |
| 23:12 | Build | Farm |
| 23:15 | Build | Farm |
| 23:16 | Create | Knight |
| 23:17 | Create | Knight |
| 23:22 | Create | Villager (Male) |
| 23:22 | Create | Villager (Male) |
| 23:23 | Create | Villager (Male) |
| 23:46 | Create | Villager (Male) |
| 23:48 | Create | Villager (Male) |
| 23:49 | Create | Villager (Male) |
| 23:52 | Build | House |
| 23:59 | Create | Villager (Male) |
| 24:31 | Create | Villager (Male) |
| 24:31 | Create | Villager (Male) |
| 24:32 | Create | Knight |
| 24:32 | Create | Knight |
| 24:35 | Build | House |
| 24:50 | Create | Villager (Male) |
| 24:50 | Create | Villager (Male) |
| 24:56 | Build | House |
| 24:56 | Build | House |
| 25:08 | Create | Knight |
| 25:09 | Create | Villager (Male) |
| 25:16 | Create | Villager (Male) |
| 25:18 | Build | Farm |
| 25:18 | Build | Farm |
| 25:28 | Create | Villager (Male) |
| 25:43 | Build | House |
| 25:44 | Create | Villager (Male) |
| 25:44 | Create | Villager (Male) |
| 25:48 | Build | Farm |
| 25:48 | Build | Farm |
| 25:49 | Build | Farm |
| 25:49 | Build | Farm |
Build order — PUB | Fanjita
First 150 of 589 actions detected
| 0:00 | Create | Villager (Male) |
| 0:02 | Build | House |
| 0:03 | Build | House |
| 0:14 | Create | Villager (Male) |
| 0:37 | Create | Villager (Male) |
| 0:37 | Create | Villager (Male) |
| 1:26 | Create | Villager (Male) |
| 1:53 | Build | Lumber Camp |
| 1:55 | Create | Villager (Male) |
| 2:09 | Create | Villager (Male) |
| 2:37 | Create | Villager (Male) |
| 3:01 | Create | Villager (Male) |
| 3:01 | Create | Villager (Male) |
| 3:22 | Create | Villager (Male) |
| 3:49 | Build | House |
| 4:02 | Create | Villager (Male) |
| 4:23 | Create | Villager (Male) |
| 4:23 | Create | Villager (Male) |
| 4:50 | Create | Villager (Male) |
| 5:04 | Build | Mill |
| 5:17 | Create | Villager (Male) |
| 5:28 | Create | Villager (Male) |
| 5:56 | Build | House |
| 6:05 | Create | Villager (Male) |
| 6:51 | Build | Farm |
| 6:52 | Build | Farm |
| 6:55 | Create | Villager (Male) |
| 7:16 | Build | Palisade Wall |
| 7:21 | Create | Villager (Male) |
| 7:38 | Build | Palisade Gate |
| 7:47 | Build | Palisade Gate |
| 7:52 | Build | Palisade Wall |
| 7:55 | Create | Villager (Male) |
| 8:00 | Build | House |
| 8:08 | Create | Villager (Male) |
| 8:26 | Build | Mining Camp |
| 8:43 | Create | Villager (Male) |
| 8:50 | Research | Loom |
| 9:07 | Build | Palisade Wall |
| 9:12 | Build | Farm |
| 9:13 | Research | Feudal Age |
| 9:37 | Build | Palisade Gate |
| 9:38 | Build | Palisade Wall |
| 9:49 | Build | Barracks |
| 11:46 | Age | Feudal Age |
| 11:48 | Build | Stable |
| 11:49 | Create | Villager (Male) |
| 11:51 | Create | Villager (Male) |
| 11:56 | Build | Blacksmith |
| 11:59 | Research | Double-Bit Axe |
| 12:00 | Research | Horse Collar |
| 12:38 | Research | Castle Age |
| 12:42 | Build | Farm |
| 12:44 | Build | Farm |
| 12:54 | Build | House |
| 13:17 | Research | Bloodlines |
| 13:21 | Build | Farm |
| 13:22 | Build | Farm |
| 13:37 | Build | Palisade Wall |
| 13:39 | Build | Palisade Wall |
| 13:41 | Build | Palisade Wall |
| 13:45 | Build | Palisade Wall |
| 14:00 | Build | Gate |
| 14:01 | Build | Stone Wall |
| 14:03 | Build | Stone Wall |
| 14:11 | Build | Farm |
| 14:15 | Research | Scale Barding Armor |
| 15:19 | Age | Castle Age |
| 15:22 | Create | Villager (Male) |
| 15:23 | Create | Knight |
| 15:24 | Create | Knight |
| 15:32 | Create | Villager (Male) |
| 15:34 | Build | Farm |
| 15:40 | Build | Town Center |
| 16:06 | Create | Villager (Male) |
| 16:14 | Build | Stone Wall |
| 16:15 | Build | Stone Wall |
| 16:21 | Create | Knight |
| 16:22 | Create | Villager (Male) |
| 16:30 | Build | Mining Camp |
| 16:48 | Create | Knight |
| 16:57 | Build | House |
| 16:59 | Create | Villager (Male) |
| 17:00 | Build | Farm |
| 17:01 | Build | House |
| 17:27 | Create | Villager (Male) |
| 17:32 | Build | Farm |
| 17:39 | Create | Knight |
| 17:50 | Create | Knight |
| 17:52 | Create | Villager (Male) |
| 17:55 | Build | Farm |
| 18:08 | Create | Villager (Male) |
| 18:14 | Build | Stone Wall |
| 18:16 | Build | Stone Wall |
| 18:29 | Create | Villager (Male) |
| 18:33 | Build | Farm |
| 18:36 | Build | Farm |
| 18:36 | Build | Farm |
| 18:37 | Create | Knight |
| 18:56 | Create | Villager (Male) |
| 19:07 | Create | Knight |
| 19:08 | Create | Villager (Male) |
| 19:22 | Create | Knight |
| 19:23 | Create | Villager (Male) |
| 19:24 | Create | Villager (Male) |
| 19:27 | Create | Villager (Male) |
| 19:28 | Build | Farm |
| 19:30 | Build | Farm |
| 19:31 | Build | House |
| 19:44 | Build | Stone Wall |
| 19:50 | Create | Villager (Male) |
| 19:57 | Create | Villager (Male) |
| 20:01 | Create | Villager (Male) |
| 20:07 | Build | Gate |
| 20:10 | Build | Stone Wall |
| 20:11 | Build | Stone Wall |
| 20:13 | Create | Villager (Male) |
| 20:18 | Create | Knight |
| 20:20 | Create | Villager (Male) |
| 20:30 | Build | Town Center |
| 20:31 | Create | Villager (Male) |
| 20:46 | Create | Villager (Male) |
| 20:50 | Build | Farm |
| 20:54 | Build | House |
| 20:54 | Build | House |
| 21:16 | Create | Villager (Male) |
| 21:20 | Research | Husbandry |
| 21:24 | Create | Villager (Male) |
| 21:38 | Create | Villager (Male) |
| 21:41 | Build | Farm |
| 21:41 | Build | Farm |
| 21:43 | Build | Farm |
| 21:45 | Create | Villager (Male) |
| 21:53 | Build | Farm |
| 21:54 | Build | Farm |
| 22:08 | Create | Villager (Male) |
| 22:10 | Create | Knight |
| 22:10 | Create | Knight |
| 22:17 | Create | Villager (Male) |
| 22:28 | Create | Villager (Male) |
| 22:29 | Build | Farm |
| 22:31 | Build | Farm |
| 22:31 | Build | Farm |
| 22:33 | Create | Villager (Male) |
| 22:35 | Build | Farm |
| 22:35 | Build | Farm |
| 22:36 | Build | House |
| 22:57 | Create | Villager (Male) |
| 23:00 | Create | Knight |
| 23:00 | Create | Knight |
Build order — CD播放机
First 150 of 334 actions detected
| 0:00 | Create | Villager (Male) |
| 0:01 | Create | Villager (Male) |
| 0:01 | Create | Villager (Male) |
| 0:01 | Create | Villager (Male) |
| 1:13 | Create | Villager (Male) |
| 1:50 | Create | Villager (Male) |
| 2:13 | Create | Villager (Male) |
| 2:36 | Create | Villager (Male) |
| 2:48 | Create | Villager (Male) |
| 3:23 | Build | Lumber Camp |
| 3:24 | Create | Villager (Male) |
| 4:05 | Create | Villager (Male) |
| 4:06 | Create | Villager (Male) |
| 4:11 | Create | Villager (Male) |
| 5:13 | Create | Villager (Male) |
| 5:22 | Create | Villager (Male) |
| 5:46 | Build | Mill |
| 5:58 | Create | Villager (Male) |
| 6:31 | Create | Villager (Male) |
| 6:34 | Create | Villager (Male) |
| 6:41 | Create | Villager (Male) |
| 6:49 | Create | Villager (Male) |
| 7:07 | Create | Villager (Male) |
| 7:26 | Create | Villager (Male) |
| 8:31 | Create | Villager (Male) |
| 8:54 | Research | Loom |
| 8:56 | Build | Mining Camp |
| 9:18 | Research | Feudal Age |
| 9:19 | Create | Villager (Male) |
| 9:26 | Build | Farm |
| 9:29 | Build | Farm |
| 9:55 | Create | Villager (Male) |
| 11:46 | Age | Feudal Age |
| 11:48 | Build | Market |
| 11:53 | Build | Blacksmith |
| 12:23 | Build | Lumber Camp |
| 12:32 | Create | Villager (Male) |
| 12:37 | Research | Castle Age |
| 12:50 | Research | Double-Bit Axe |
| 13:44 | Create | Villager (Male) |
| 13:49 | Build | Barracks |
| 14:17 | Research | Fletching |
| 14:45 | Build | Archery Range |
| 14:53 | Build | Archery Range |
| 15:05 | Create | Villager (Male) |
| 15:20 | Age | Castle Age |
| 15:28 | Create | Cavalry Archer |
| 15:32 | Create | Cavalry Archer |
| 15:43 | Build | Archery Range |
| 15:48 | Create | Cavalry Archer |
| 15:49 | Research | Bodkin Arrow |
| 15:50 | Create | Cavalry Archer |
| 16:02 | Create | Villager (Male) |
| 16:08 | Create | Villager (Male) |
| 16:12 | Build | Farm |
| 16:13 | Build | Farm |
| 16:20 | Build | Farm |
| 16:37 | Create | Cavalry Archer |
| 16:39 | Create | Villager (Male) |
| 16:42 | Build | Farm |
| 16:56 | Build | Farm |
| 17:02 | Create | Cavalry Archer |
| 17:19 | Create | Villager (Male) |
| 17:22 | Create | Cavalry Archer |
| 17:29 | Build | Palisade Wall |
| 17:38 | Build | Palisade Wall |
| 17:40 | Create | Cavalry Archer |
| 17:40 | Create | Cavalry Archer |
| 17:45 | Create | Cavalry Archer |
| 17:51 | Create | Villager (Male) |
| 18:02 | Create | Cavalry Archer |
| 18:06 | Create | Cavalry Archer |
| 18:29 | Build | Stable |
| 18:30 | Build | Farm |
| 18:35 | Create | Cavalry Archer |
| 18:35 | Create | Cavalry Archer |
| 18:54 | Create | Cavalry Archer |
| 18:54 | Create | Cavalry Archer |
| 19:17 | Create | Cavalry Archer |
| 19:19 | Create | Villager (Male) |
| 19:19 | Create | Villager (Male) |
| 19:39 | Research | Husbandry |
| 19:43 | Create | Cavalry Archer |
| 19:43 | Create | Cavalry Archer |
| 20:00 | Create | Cavalry Archer |
| 20:12 | Create | Villager (Male) |
| 20:16 | Build | Farm |
| 20:43 | Create | Cavalry Archer |
| 20:43 | Create | Cavalry Archer |
| 20:43 | Create | Cavalry Archer |
| 20:58 | Create | Cavalry Archer |
| 21:11 | Create | Villager (Male) |
| 21:40 | Create | Cavalry Archer |
| 21:40 | Create | Cavalry Archer |
| 21:40 | Create | Cavalry Archer |
| 21:46 | Create | Cavalry Archer |
| 21:47 | Create | Cavalry Archer |
| 21:47 | Create | Cavalry Archer |
| 21:52 | Build | University |
| 21:56 | Build | University |
| 21:57 | Create | Villager (Male) |
| 22:24 | Create | Cavalry Archer |
| 22:24 | Create | Cavalry Archer |
| 22:26 | Create | Cavalry Archer |
| 22:29 | Create | Villager (Male) |
| 22:31 | Create | Villager (Male) |
| 22:31 | Create | Villager (Male) |
| 22:45 | Create | Cavalry Archer |
| 22:54 | Build | Palisade Wall |
| 22:59 | Create | Cavalry Archer |
| 23:05 | Build | Palisade Wall |
| 23:16 | Research | Ballistics |
| 23:26 | Research | Padded Archer Armor |
| 23:36 | Create | Cavalry Archer |
| 23:36 | Create | Cavalry Archer |
| 23:51 | Create | Cavalry Archer |
| 23:59 | Create | Cavalry Archer |
| 24:07 | Create | Cavalry Archer |
| 24:08 | Create | Villager (Male) |
| 24:10 | Create | Villager (Male) |
| 24:16 | Build | Lumber Camp |
| 24:48 | Create | Cavalry Archer |
| 24:48 | Create | Cavalry Archer |
| 24:48 | Create | Cavalry Archer |
| 25:02 | Create | Cavalry Archer |
| 25:02 | Create | Cavalry Archer |
| 25:16 | Create | Cavalry Archer |
| 25:19 | Create | Villager (Male) |
| 25:27 | Create | Cavalry Archer |
| 25:27 | Create | Villager (Male) |
| 25:29 | Create | Villager (Male) |
| 25:55 | Create | Cavalry Archer |
| 25:55 | Create | Cavalry Archer |
| 25:55 | Create | Cavalry Archer |
| 26:16 | Create | Villager (Male) |
| 26:16 | Create | Villager (Male) |
| 26:18 | Build | Farm |
| 26:19 | Build | Farm |
| 26:19 | Build | Farm |
| 26:20 | Build | Farm |
| 26:36 | Create | Cavalry Archer |
| 26:36 | Create | Cavalry Archer |
| 27:03 | Create | Cavalry Archer |
| 27:03 | Create | Cavalry Archer |
| 27:19 | Create | Cavalry Archer |
| 27:23 | Create | Villager (Male) |
| 27:30 | Create | Cavalry Archer |
| 27:52 | Create | Cavalry Archer |
| 27:52 | Create | Cavalry Archer |
| 28:00 | Create | Cavalry Archer |
Build order — [S1z3] NillisLukins
First 150 of 387 actions detected
| 0:01 | Create | Villager (Male) |
| 0:02 | Build | House |
| 0:03 | Build | House |
| 0:07 | Create | Villager (Male) |
| 0:32 | Create | Villager (Male) |
| 0:32 | Create | Villager (Male) |
| 1:34 | Create | Villager (Male) |
| 1:47 | Build | Lumber Camp |
| 2:02 | Create | Villager (Male) |
| 2:20 | Create | Villager (Male) |
| 2:45 | Create | Villager (Male) |
| 3:21 | Create | Villager (Male) |
| 3:42 | Create | Villager (Male) |
| 3:54 | Build | House |
| 4:11 | Create | Villager (Male) |
| 4:11 | Create | Villager (Male) |
| 4:37 | Create | Villager (Male) |
| 4:38 | Create | Villager (Male) |
| 4:38 | Create | Villager (Male) |
| 4:40 | Build | Barracks |
| 5:24 | Create | Villager (Male) |
| 5:26 | Research | Loom |
| 5:34 | Build | House |
| 6:38 | Create | Villager (Male) |
| 7:00 | Build | Mining Camp |
| 7:02 | Research | Feudal Age |
| 7:21 | Create | Militia |
| 7:21 | Create | Militia |
| 7:40 | Create | Militia |
| 8:07 | Create | Militia |
| 9:08 | Create | Villager (Male) |
| 9:17 | Age | Feudal Age |
| 9:19 | Research | Man-at-Arms (upgrade) |
| 9:24 | Build | Archery Range |
| 9:25 | Build | House |
| 9:31 | Build | Palisade Wall |
| 9:33 | Build | Palisade Wall |
| 9:34 | Build | Palisade Wall |
| 9:43 | Build | House |
| 9:56 | Create | Villager (Male) |
| 10:08 | Build | House |
| 10:15 | Build | House |
| 10:26 | Build | House |
| 10:27 | Create | Villager (Male) |
| 10:29 | Build | Palisade Wall |
| 10:31 | Build | Palisade Wall |
| 10:39 | Create | Archer |
| 10:39 | Create | Archer |
| 10:43 | Build | House |
| 10:53 | Build | House |
| 11:06 | Create | Villager (Male) |
| 11:28 | Build | Mill |
| 11:56 | Create | Archer |
| 12:33 | Create | Spearman |
| 12:56 | Build | Farm |
| 12:59 | Build | Farm |
| 13:19 | Create | Archer |
| 13:19 | Create | Villager (Male) |
| 13:20 | Create | Archer |
| 13:20 | Create | Archer |
| 13:27 | Build | Farm |
| 13:28 | Build | Farm |
| 13:31 | Build | Farm |
| 13:33 | Build | Farm |
| 14:02 | Create | Villager (Male) |
| 14:03 | Create | Villager (Male) |
| 14:06 | Create | Archer |
| 14:09 | Create | Villager (Male) |
| 14:13 | Build | Blacksmith |
| 14:49 | Build | House |
| 14:53 | Create | Archer |
| 14:54 | Create | Villager (Male) |
| 15:01 | Build | Farm |
| 15:12 | Build | House |
| 15:16 | Build | House |
| 15:17 | Build | House |
| 15:25 | Create | Archer |
| 15:43 | Create | Archer |
| 15:44 | Create | Archer |
| 16:22 | Create | Villager (Male) |
| 16:23 | Create | Archer |
| 16:26 | Create | Villager (Male) |
| 16:34 | Build | Farm |
| 16:36 | Build | Farm |
| 16:42 | Create | Archer |
| 16:56 | Build | House |
| 17:04 | Create | Archer |
| 17:04 | Create | Villager (Male) |
| 17:14 | Create | Archer |
| 17:16 | Create | Villager (Male) |
| 18:04 | Create | Villager (Male) |
| 18:25 | Create | Villager (Male) |
| 18:28 | Create | Villager (Male) |
| 18:31 | Build | Market |
| 18:56 | Build | Palisade Wall |
| 19:34 | Create | Villager (Male) |
| 19:44 | Build | Farm |
| 19:44 | Build | Farm |
| 19:44 | Build | Farm |
| 19:44 | Build | Farm |
| 19:45 | Build | Farm |
| 20:19 | Research | Castle Age |
| 21:03 | Research | Double-Bit Axe |
| 21:20 | Build | Palisade Wall |
| 21:38 | Research | Fletching |
| 21:39 | Research | Padded Archer Armor |
| 22:18 | Build | House |
| 22:20 | Build | House |
| 22:59 | Age | Castle Age |
| 23:04 | Research | Crossbowman (upgrade) |
| 23:04 | Create | Archer |
| 23:05 | Create | Archer |
| 23:18 | Create | Villager (Male) |
| 23:32 | Build | Palisade Wall |
| 23:41 | Create | Villager (Male) |
| 23:49 | Build | Archery Range |
| 24:01 | Create | Villager (Male) |
| 24:03 | Create | Villager (Male) |
| 24:24 | Create | Villager (Male) |
| 24:30 | Build | Farm |
| 24:35 | Create | Archer |
| 24:44 | Create | Archer |
| 24:44 | Create | Archer |
| 24:55 | Create | Villager (Male) |
| 24:56 | Create | Archer |
| 24:56 | Create | Archer |
| 24:59 | Create | Villager (Male) |
| 25:40 | Create | Villager (Male) |
| 25:40 | Create | Archer |
| 25:41 | Create | Archer |
| 26:12 | Create | Archer |
| 26:12 | Create | Archer |
| 26:14 | Create | Villager (Male) |
| 26:39 | Build | Town Center |
| 26:42 | Create | Archer |
| 26:56 | Create | Villager (Male) |
| 26:57 | Create | Archer |
| 27:17 | Create | Archer |
| 27:18 | Create | Villager (Male) |
| 27:30 | Build | Farm |
| 27:41 | Create | Villager (Male) |
| 27:42 | Create | Archer |
| 27:42 | Create | Archer |
| 27:54 | Create | Archer |
| 28:28 | Create | Villager (Male) |
| 28:29 | Create | Villager (Male) |
| 28:30 | Create | Archer |
| 28:30 | Create | Archer |
| 28:31 | Create | Villager (Male) |
| 29:01 | Create | Villager (Male) |
Match timeline
| 4:40 | [S1z3] NillisLukins · first_building Barracks |
| 5:04 | Aten · first_building Barracks |
| 6:05 | Ulfaith · first_building Barracks |
| 7:16 | PUB | Fanjita · wall_segment Palisade Wall x4 |
| 7:18 | ComaLuksen · first_building Barracks |
| 7:27 | Hoppsywins · first_building Barracks |
| 7:35 | theMole · first_building Barracks |
| 7:52 | PUB | Fanjita · wall_segment Palisade Wall x10 |
| 8:29 | ComaLuksen · age_up feudal |
| 8:33 | ComaLuksen · first_building Archery Range |
| 8:51 | theMole · age_up feudal |
| 8:53 | theMole · first_building Archery Range |
| 8:59 | ComaLuksen · wall_segment Palisade Wall x1 |
| 9:01 | Ulfaith · age_up feudal |
| 9:05 | Ulfaith · first_building Stable |
| 9:06 | Aten · age_up feudal |
| 9:07 | PUB | Fanjita · wall_segment Palisade Wall x1 |
| 9:15 | Hoppsywins · age_up feudal |
| 9:17 | [S1z3] NillisLukins · age_up feudal |
| 9:22 | Hoppsywins · first_building Stable |
| 9:24 | [S1z3] NillisLukins · first_building Archery Range |
| 9:31 | [S1z3] NillisLukins · wall_segment Palisade Wall x1 |
| 9:33 | [S1z3] NillisLukins · wall_segment Palisade Wall x1 |
| 9:34 | [S1z3] NillisLukins · wall_segment Palisade Wall x1 |
| 9:38 | PUB | Fanjita · wall_segment Palisade Wall x1 |
| 9:49 | PUB | Fanjita · first_building Barracks |
| 10:15 | ComaLuksen · wall_segment Palisade Wall x5 |
| 10:29 | [S1z3] NillisLukins · wall_segment Palisade Wall x1 |
| 10:31 | [S1z3] NillisLukins · wall_segment Palisade Wall x1 |
| 11:17 | Hoppsywins · wall_segment Palisade Wall x3 |
| 11:36 | ComaLuksen · wall_segment Palisade Wall x1 |
| 11:38 | Ulfaith · wall_segment Palisade Wall x1 |
| 11:43 | Ulfaith · wall_segment Palisade Wall x1 |
| 11:46 | PUB | Fanjita · age_up feudal |
| 11:46 | CD播放机 · age_up feudal |
| 11:48 | PUB | Fanjita · first_building Stable |
| 12:59 | CD播放机 · first_market_sell 100 stone |
| 13:16 | Hoppsywins · wall_segment Palisade Wall x21 |
| 13:37 | PUB | Fanjita · wall_segment Palisade Wall x1 |
| 13:39 | PUB | Fanjita · wall_segment Palisade Wall x1 |
| 13:41 | PUB | Fanjita · wall_segment Palisade Wall x1 |
| 13:45 | PUB | Fanjita · wall_segment Palisade Wall x1 |
| 13:49 | CD播放机 · first_building Barracks |
| 14:01 | PUB | Fanjita · wall_segment Stone Wall x1 |
| 14:03 | PUB | Fanjita · wall_segment Stone Wall x2 |
| 14:03 | theMole · wall_segment Palisade Wall x4 |
| 14:44 | Hoppsywins · wall_segment Palisade Wall x1 |
| 14:45 | CD播放机 · first_building Archery Range |
| 15:08 | theMole · wall_segment Palisade Wall x1 |
| 15:19 | PUB | Fanjita · age_up castle |
| 15:20 | CD播放机 · age_up castle |
| 16:14 | PUB | Fanjita · wall_segment Stone Wall x5 |
| 16:15 | PUB | Fanjita · wall_segment Stone Wall x2 |
| 17:05 | Hoppsywins · wall_segment Palisade Wall x12 |
| 17:29 | CD播放机 · wall_segment Palisade Wall x2 |
| 17:38 | CD播放机 · wall_segment Palisade Wall x6 |
| 17:54 | theMole · wall_segment Palisade Wall x5 |
| 17:55 | theMole · wall_segment Palisade Wall x1 |
| 17:57 | theMole · wall_segment Palisade Wall x1 |
| 18:01 | theMole · first_market_sell 100 stone |
| 18:02 | theMole · first_market_buy 100 food |
| 18:14 | PUB | Fanjita · wall_segment Stone Wall x6 |
| 18:16 | PUB | Fanjita · wall_segment Stone Wall x1 |
| 18:29 | CD播放机 · first_building Stable |
| 18:56 | [S1z3] NillisLukins · wall_segment Palisade Wall x4 |
| 19:27 | [S1z3] NillisLukins · first_market_sell 100 wood |
| 19:44 | PUB | Fanjita · wall_segment Stone Wall x1 |
| 20:03 | theMole · wall_segment Palisade Wall x6 |
| 20:10 | PUB | Fanjita · wall_segment Stone Wall x2 |
| 20:11 | PUB | Fanjita · wall_segment Stone Wall x2 |
| 20:32 | Hoppsywins · wall_segment Palisade Wall x8 |
| 21:05 | Hoppsywins · wall_segment Palisade Wall x1 |
| 21:06 | Hoppsywins · wall_segment Palisade Wall x1 |
| 21:11 | Hoppsywins · wall_segment Palisade Wall x1 |
| 21:20 | [S1z3] NillisLukins · wall_segment Palisade Wall x1 |
| 21:41 | Ulfaith · age_up castle |
| 21:47 | theMole · age_up castle |
| 22:43 | Hoppsywins · first_market_buy 100 food |
| 22:54 | CD播放机 · wall_segment Palisade Wall x3 |
| 22:59 | [S1z3] NillisLukins · age_up castle |
| 23:01 | ComaLuksen · age_up castle |
| 23:05 | CD播放机 · wall_segment Palisade Wall x5 |
| 23:32 | [S1z3] NillisLukins · wall_segment Palisade Wall x7 |
| 24:26 | PUB | Fanjita · wall_segment Palisade Wall x1 |
| 24:28 | [S1z3] NillisLukins · first_market_buy 100 wood |
| 25:43 | Hoppsywins · age_up castle |
| 25:51 | Aten · first_market_buy 500 stone |
| 25:54 | Aten · first_market_sell 500 wood |
| 26:50 | Aten · age_up castle |
| 27:02 | Aten · first_building Castle |
| 28:00 | theMole · first_building Dock |
| 28:13 | Hoppsywins · first_market_sell 500 wood |
| 28:31 | Aten · first_building Monastery |
| 29:35 | PUB | Fanjita · wall_segment Palisade Wall x1 |
| 29:37 | PUB | Fanjita · wall_segment Palisade Wall x1 |
| 29:44 | PUB | Fanjita · wall_segment Palisade Wall x1 |
| 29:51 | PUB | Fanjita · wall_segment Palisade Wall x1 |
| 30:01 | CD播放机 · first_market_buy 100 wood |
| 30:06 | Aten · first_building Siege Workshop |
| 30:23 | Hoppsywins · first_building Siege Workshop |
| 33:56 | PUB | Fanjita · first_building Monastery |
| 34:02 | Hoppsywins · wall_segment Palisade Wall x1 |
| 34:18 | ComaLuksen · first_building Monastery |
| 34:21 | theMole · first_building Monastery |
| 35:12 | Hoppsywins · wall_segment Palisade Wall x1 |
| 35:37 | Hoppsywins · wall_segment Palisade Wall x1 |
| 35:50 | Ulfaith · first_building Monastery |
| 36:10 | ComaLuksen · first_market_sell 100 food |
| 36:29 | PUB | Fanjita · first_building Siege Workshop |
| 36:34 | Hoppsywins · wall_segment Stone Wall x9 |
| 36:42 | Hoppsywins · wall_segment Stone Wall x6 |
| 36:47 | Hoppsywins · wall_segment Stone Wall x11 |
| 36:51 | theMole · wall_segment Stone Wall x7 |
| 36:52 | theMole · wall_segment Stone Wall x1 |
| 36:54 | theMole · wall_segment Stone Wall x1 |
| 37:06 | Hoppsywins · wall_segment Stone Wall x25 |
| 37:33 | PUB | Fanjita · age_up imperial |
| 37:50 | Ulfaith · first_building Castle |
| 37:52 | [S1z3] NillisLukins · wall_segment Stone Wall x16 |
| 37:55 | theMole · age_up imperial |
| 37:59 | [S1z3] NillisLukins · wall_segment Stone Wall x9 |
| 38:00 | PUB | Fanjita · first_market_sell 100 wood |
| 38:59 | CD播放机 · first_building Castle |
| 39:19 | theMole · first_building Castle |
| 39:24 | [S1z3] NillisLukins · wall_segment Stone Wall x6 |
| 39:30 | PUB | Fanjita · first_building Castle |
| 39:35 | ComaLuksen · age_up imperial |
| 40:15 | [S1z3] NillisLukins · wall_segment Stone Wall x10 |
| 40:35 | Ulfaith · age_up imperial |
| 40:42 | PUB | Fanjita · first_market_buy 100 wood |
| 40:53 | Aten · age_up imperial |
| 41:05 | Hoppsywins · first_building Castle |
| 41:29 | theMole · first_building Siege Workshop |
| 42:04 | Ulfaith · first_market_sell 500 food |
| 42:25 | [S1z3] NillisLukins · first_building Castle |
| 44:38 | CD播放机 · age_up imperial |
| 45:28 | Hoppsywins · age_up imperial |
| 46:15 | PUB | Fanjita · wall_segment Palisade Wall x1 |
| 46:38 | Ulfaith · first_building Archery Range |
| 48:08 | [S1z3] NillisLukins · wall_segment Stone Wall x5 |
| 48:48 | [S1z3] NillisLukins · age_up imperial |
| 49:12 | ComaLuksen · first_building Castle |
| 51:03 | theMole · resign |
[ AI ANALYSIS · 1 CREDIT ]
What really happened in this match?
Wolo.gg analyzes every decision: build order, eco, micro, common mistakes by bracket. Personalized analysis on WhatsApp or Discord in 30 seconds.
Civ guide
Spanish
Perfil
Jugador #456135